AA CENTRAL
TULSA DRILLERS @ WICHITA WIND SURGE
06/08/2042
 
TOP OF THE 1ST
Tulsa Drillers batting - Pitching for Wichita Wind Surge : RHP José Rodríguez
Pitching: RHP José Rodríguez
Batting: RHB Tony Hondo 0-0: Foul Ball, location: 5FF
0-1: Fly out, F9 (Flyball, 9D, EV 103.1 MPH)
Batting: LHB Gilberto Hernández 0-0: Called Strike
0-1: Ball
1-1: Ball
2-1: Foul Ball, location: 9LMF
2-2: Ball
3-2: Foul Ball, location: 3FF
3-2: Foul Ball, location: 2F
3-2: Fly out, F6 (Popup, 6M, EV 62.5 MPH)
Batting: LHB Phil Simmons 0-0: Foul Ball, location: 25F
0-1: Ball
1-1: Swinging Strike
1-2: Foul Ball, location: 7LMF
1-2: Strikes out looking
Top of the 1st over - 0 runs, 0 hits, 0 errors, 0 left on base; Tulsa 0 - Wichita 0
BOTTOM OF THE 1ST
Wichita Wind Surge batting - Pitching for Tulsa Drillers : LHP Oliver Hernández
Pitching: LHP Oliver Hernández
Batting: SHB António García 0-0: Ball
1-0: Ball
2-0: Ball
3-0: Base on Balls
Batting: RHB Valdinei Felgueiras 0-0: Ball
1-0: Called Strike
1-1: Called Strike
1-2: Ball
2-2: Foul Ball, location: 2F
2-2: Ball
3-2: Base on Balls
António García to second
Batting: RHB Bernie Davis 0-0: Foul Ball, location: 2F
0-1: Grounds into double play, 5-4-3 (Groundball, 56, EV 91.9 MPH)
António García to third
Batting: LHB Pete Baker 0-0: Ball
1-0: Called Strike
1-1: SINGLE (Groundball, 34D, EV 95.6 MPH)
António García scores
Batting: RHB José Gracía 0-0: Ball
1-0: Fly out, F9 (Flyball, 89D, EV 87.5 MPH)
Bottom of the 1st over - 1 run, 1 hit, 0 errors, 1 left on base; Tulsa 0 - Wichita 1
TOP OF THE 2ND
Tulsa Drillers batting - Pitching for Wichita Wind Surge : RHP José Rodríguez
Batting: RHB Qabil Makaev 0-0: Called Strike
0-1: Ball
1-1: Foul Ball, location: 2F
1-2: Strikes out swinging
Batting: RHB Mal Williams 0-0: Ground out 6-3 (Groundball, 6S, EV 81.9 MPH)
Batting: LHB Orlando Aponte 0-0: Called Strike
0-1: Ground out 4-3 (Groundball, 34D, EV 92.5 MPH)
Top of the 2nd over - 0 runs, 0 hits, 0 errors, 0 left on base; Tulsa 0 - Wichita 1
BOTTOM OF THE 2ND
Wichita Wind Surge batting - Pitching for Tulsa Drillers : LHP Oliver Hernández
Batting: LHB Augusto González 0-0: Called Strike
0-1: Ball
1-1: Ball
2-1: Fly out, F7 (Flyball, 7LS, EV 96.3 MPH)
Batting: RHB Héctor Vázquez 0-0: Called Strike
0-1: Swinging Strike
0-2: Foul Ball, location: 3FF
0-2: Ball
1-2: Foul Ball, location: 7LDF
1-2: Ball
2-2: Ball
3-2: Strikes out looking
Batting: LHB Mario Román 0-0: Ball
1-0: Ball
2-0: Called Strike
2-1: Called Strike
2-2: Ball
3-2: SINGLE (Line Drive, 4MD, EV 107.5 MPH)
Batting: RHB Ronnie Willis 0-0: Ball
1-0: Foul Ball, location: 2F
1-1: Fly out, F8 (Flyball, 89M, EV 80.0 MPH)
Bottom of the 2nd over - 0 runs, 1 hit, 0 errors, 1 left on base; Tulsa 0 - Wichita 1
TOP OF THE 3RD
Tulsa Drillers batting - Pitching for Wichita Wind Surge : RHP José Rodríguez
Batting: LHB Wilbert McDermid 0-0: Ball
1-0: Ball
2-0: Foul Ball, location: 7LDF
2-1: Foul Ball, location: 2F
2-2: Strikes out looking
Batting: RHB Alfredo Gutiérrez 0-0: Called Strike
0-1: Ball
1-1: Ground out 1-3 (Groundball, 13S, EV 70.6 MPH)
Batting: LHB Cris Adaricio 0-0: Ball
1-0: Ball
2-0: Foul Ball, location: 7LDF
2-1: Ball
3-1: Base on Balls
Batting: RHB Tony Hondo 0-0: Ball
1-0: Ball
2-0: Ball
3-0: Base on Balls
Cris Adaricio to second
Batting: LHB Gilberto Hernández 0-0: Ball
1-0: Swinging Strike
1-1: Swinging Strike
1-2: Strikes out looking
Top of the 3rd over - 0 runs, 0 hits, 0 errors, 2 left on base; Tulsa 0 - Wichita 1
BOTTOM OF THE 3RD
Wichita Wind Surge batting - Pitching for Tulsa Drillers : LHP Oliver Hernández
Batting: SHB António García 0-0: Ball
1-0: Swinging Strike
1-1: Swinging Strike
1-2: Strikes out swinging
Batting: RHB Valdinei Felgueiras 0-0: Foul Ball, location: 9LMF
0-1: Ball
1-1: Called Strike
1-2: Ball
2-2: Strikes out swinging
Batting: RHB Bernie Davis 0-0: Called Strike
0-1: Foul Ball, location: 3F
0-2: Ball
1-2: Strikes out looking
Bottom of the 3rd over - 0 runs, 0 hits, 0 errors, 0 left on base; Tulsa 0 - Wichita 1
TOP OF THE 4TH
Tulsa Drillers batting - Pitching for Wichita Wind Surge : RHP José Rodríguez
Batting: LHB Phil Simmons 0-0: Foul Ball, location: 2F
0-1: Ball
1-1: Ground out U3 (Groundball, 3, EV 88.1 MPH)
Batting: RHB Qabil Makaev 0-0: Called Strike
0-1: Foul Ball, location: 5F
0-2: Strikes out looking
Batting: RHB Mal Williams 0-0: Called Strike
0-1: DOUBLE (Line Drive, 7LM, EV 106.3 MPH)
Batting: LHB Orlando Aponte 0-0: Called Strike
0-1: Ball
1-1: Ball
2-1: Foul Ball, location: 25F
2-2: Foul Ball, location: 7LSF
2-2: Ball
3-2: Foul Ball, location: 7LMF
3-2: DOUBLE (Flyball, 8LD, EV 101.9 MPH)
Mal Williams scores
Batting: LHB Wilbert McDermid 0-0: Called Strike
0-1: Ball
1-1: Ball
2-1: Ball
3-1: Base on Balls
Batting: RHB Alfredo Gutiérrez 0-0: Called Strike
0-1: Ball
1-1: Ball
2-1: Ball
3-1: Base on Balls
Orlando Aponte to third
Wilbert McDermid to second
Batting: LHB Cris Adaricio 0-0: Fielders Choice at 2nd, 6-4 (Groundball, 6, EV 87.5 MPH)
Top of the 4th over - 1 run, 2 hits, 0 errors, 3 left on base; Tulsa 1 - Wichita 1
BOTTOM OF THE 4TH
Wichita Wind Surge batting - Pitching for Tulsa Drillers : LHP Oliver Hernández
Batting: LHB Pete Baker 0-0: Foul Ball, location: 2F
0-1: Ball
1-1: Called Strike
1-2: Ball
2-2: Foul Ball, location: 5FF
2-2: Ball
3-2: Foul Ball, location: 23F
3-2: Ground out U3 (Groundball, 13, EV 93.1 MPH)
Batting: RHB José Gracía 0-0: Called Strike
0-1: Swinging Strike
0-2: Ball
1-2: Ball
2-2: Foul Ball, location: 23F
2-2: Foul Ball, location: 9LMF
2-2: Strikes out swinging
Batting: LHB Augusto González 0-0: SINGLE (Groundball, 34D, EV 94.4 MPH)
Batting: RHB Héctor Vázquez 0-0: Ball
Wild Pitch!
Augusto González to second
1-0: Ball
2-0: DOUBLE (Line Drive, 89D, EV 100.0 MPH)
Augusto González scores
Batting: LHB Mario Román 0-0: Called Strike
0-1: Swinging Strike
0-2: Strikes out looking
Bottom of the 4th over - 1 run, 2 hits, 0 errors, 1 left on base; Tulsa 1 - Wichita 2
TOP OF THE 5TH
Tulsa Drillers batting - Pitching for Wichita Wind Surge : RHP José Rodríguez
Batting: RHB Tony Hondo 0-0: Foul Ball, location: 9LDF
0-1: Foul Ball, location: 3F
0-2: Ball
1-2: Ball
2-2: Foul Ball, location: 2F
2-2: Ball
3-2: Foul Ball, location: 9LMF
3-2: Base on Balls
Batting: LHB Gilberto Hernández 0-0: Ball
1-0: Swinging Strike
1-1: Fly out, F7 (Line Drive, 7LM, EV 105.0 MPH)
Batting: LHB Phil Simmons 0-0: Hit by Pitch
Tony Hondo to second
Batting: RHB Qabil Makaev 0-0: Ball
1-0: Called Strike
1-1: Foul Ball, location: 3F
1-2: Foul Ball, location: 5F
1-2: Strikes out looking
Batting: RHB Mal Williams 0-0: SINGLE (Line Drive, 89S, EV 98.8 MPH)
Tony Hondo to third
Phil Simmons to second
Runner from 3rd tries for Home, SAFE, throw by RF to home
Batting: LHB Orlando Aponte 0-0: Called Strike
0-1: Ball
1-1: Swinging Strike
1-2: Strikes out swinging
Top of the 5th over - 1 run, 1 hit, 0 errors, 2 left on base; Tulsa 2 - Wichita 2
BOTTOM OF THE 5TH
Wichita Wind Surge batting - Pitching for Tulsa Drillers : LHP Oliver Hernández
Batting: RHB Ronnie Willis 0-0: Ball
1-0: Called Strike
1-1: Called Strike
1-2: Ball
2-2: Ball
3-2: SINGLE (Line Drive, 8LS, EV 93.1 MPH)
Batting: SHB António García 0-0: Sac Bunt to P - play at second, runner safe!
Batting: RHB Valdinei Felgueiras 0-0: Foul Ball, location: 2LF
0-1: Called Strike
0-2: Ball
1-2: Foul Ball, location: 2F
1-2: Fly out, F8 (Flyball, 8RM, EV 78.1 MPH)
Batting: RHB Bernie Davis 0-0: Called Strike
0-1: Called Strike
0-2: Strikes out swinging
Batting: LHB Pete Baker 0-0: Ball
1-0: Ball
2-0: Called Strike
2-1: Swinging Strike
2-2: Strikes out swinging
Bottom of the 5th over - 0 runs, 1 hit, 0 errors, 2 left on base; Tulsa 2 - Wichita 2
TOP OF THE 6TH
Tulsa Drillers batting - Pitching for Wichita Wind Surge : RHP José Rodríguez
Batting: LHB Wilbert McDermid 0-0: Ball
1-0: Called Strike
1-1: Ball
2-1: Ball
3-1: Base on Balls
Pitching: RHP Tim Stephens
Batting: RHB Alfredo Gutiérrez 0-0: Ball
1-0: Ball
2-0: Grounds into double play, 3-6-3 (Groundball, 34, EV 102.5 MPH)
Batting: LHB Cris Adaricio 0-0: Fly out, F5 (Line Drive, 5, EV 68.8 MPH)
Top of the 6th over - 0 runs, 0 hits, 0 errors, 0 left on base; Tulsa 2 - Wichita 2
BOTTOM OF THE 6TH
Wichita Wind Surge batting - Pitching for Tulsa Drillers : LHP Oliver Hernández
Batting: RHB José Gracía 0-0: Ball
1-0: Swinging Strike
1-1: Ground out 5-3 (Groundball, 56S, EV 68.8 MPH)
Batting: LHB Augusto González 0-0: Ball
1-0: Called Strike
1-1: SOLO HOME RUN (Flyball, 78XD, EV 113.1 MPH), Distance : 436 ft
Pitching: RHP Jimmie Parkinson
Batting: RHB Héctor Vázquez 0-0: Ball
1-0: Ground out 4-3 (Groundball, 4S, EV 94.4 MPH)
Batting: LHB Mario Román 0-0: Called Strike
0-1: Called Strike
0-2: Ball
1-2: Fly out, F7 (Flyball, 7LMF, EV 88.8 MPH)
Bottom of the 6th over - 1 run, 1 hit, 0 errors, 0 left on base; Tulsa 2 - Wichita 3
TOP OF THE 7TH
Tulsa Drillers batting - Pitching for Wichita Wind Surge : RHP Tim Stephens
Batting: RHB Tony Hondo 0-0: Called Strike
0-1: Swinging Strike
0-2: SINGLE (Groundball, 6MD, EV 104.4 MPH)
Batting: LHB Gilberto Hernández 0-0: Ball
1-0: Ball
2-0: Called Strike
2-1: Ball
3-1: Base on Balls
Tony Hondo to second
Batting: LHB Phil Simmons 0-0: Ball
1-0: Ball
2-0: Ball
3-0: Called Strike
3-1: Base on Balls
Tony Hondo to third
Gilberto Hernández to second
Pinch Hitting: LHB José Ruíz 0-0: Ball
1-0: Ball
2-0: Ball
3-0: Called Strike
3-1: Base on Balls
Tony Hondo scores
Gilberto Hernández to third
Phil Simmons to second
Batting: RHB Mal Williams 0-0: Ball
1-0: Swinging Strike
1-1: Foul Ball, location: 3DF
1-2: Strikes out swinging
Batting: LHB Orlando Aponte 0-0: Called Strike
0-1: Ball
1-1: Foul Ball, location: 2F
1-2: Ball
2-2: Foul Ball, location: 2RF
2-2: Fly out, F9 (Flyball, 89S, EV 98.1 MPH)
Batting: LHB Wilbert McDermid 0-0: Ball
1-0: Ball
2-0: Called Strike
2-1: Called Strike
2-2: Strikes out swinging
Top of the 7th over - 1 run, 1 hit, 0 errors, 3 left on base; Tulsa 3 - Wichita 3
BOTTOM OF THE 7TH
Wichita Wind Surge batting - Pitching for Tulsa Drillers : RHP Jimmie Parkinson
Now at 2B: Guaspar Joo
Batting: RHB Ronnie Willis 0-0: Foul Ball, location: 9LDF
0-1: Foul Ball, location: 5F
0-2: Foul Ball, location: 5F
0-2: Ball
1-2: Strikes out swinging
Batting: SHB António García 0-0: Called Strike
0-1: Foul Ball, location: 7LMF
0-2: Foul Ball, location: 7LSF
0-2: Ball
1-2: TRIPLE (Line Drive, 9LD, EV 108.8 MPH)
Batting: RHB Valdinei Felgueiras 0-0: Ball
1-0: Called Strike
1-1: Ball
2-1: Foul Ball, location: 23FF
2-2: Fly out, F7 (Flyball, 7LSF, EV 87.5 MPH)
Batting: RHB Bernie Davis 0-0: Called Strike
0-1: Ball
1-1: Foul Ball, location: 5F
1-2: Strikes out swinging
Bottom of the 7th over - 0 runs, 1 hit, 0 errors, 1 left on base; Tulsa 3 - Wichita 3
TOP OF THE 8TH
Tulsa Drillers batting - Pitching for Wichita Wind Surge : RHP Tim Stephens
Pinch Hitting: LHB Jorge Domínguez 0-0: Ball
1-0: Called Strike
1-1: Ball
2-1: Ball
3-1: Swinging Strike
3-2: Base on Balls
Batting: LHB Cris Adaricio 0-0: Called Strike
0-1: Ball
1-1: Swinging Strike
1-2: Ball
2-2: Foul Ball, location: 23F
2-2: TRIPLE (Flyball, 89XD, EV 91.9 MPH)
Jorge Domínguez scores
Batting: RHB Tony Hondo 0-0: Called Strike
0-1: Ball
1-1: Foul Ball, location: 2F
1-2: Ball
2-2: Ball
3-2: Fly out, F9 (Flyball, 9, EV 95.6 MPH)
Runner from 3rd tags up, SCORES, throw by RF
Pitching: LHP Álex Lugo
Pinch Hitting: RHB Manny Vargas 0-0: Ball
1-0: Foul Ball, location: 2F
1-1: Called Strike
1-2: Foul Ball, location: 7LMFF
1-2: Ball
2-2: Strikes out swinging
Batting: LHB Phil Simmons 0-0: Swinging Strike
0-1: Foul Ball, location: 9LDF
0-2: Strikes out swinging
Top of the 8th over - 2 runs, 1 hit, 0 errors, 0 left on base; Tulsa 5 - Wichita 3
BOTTOM OF THE 8TH
Wichita Wind Surge batting - Pitching for Tulsa Drillers : RHP Jimmie Parkinson
Now at 3B: Ezequiel Alfaro
Now at SS: Orlando Aponte
Now in CF: Geoff French
Now in RF: Cris Adaricio
Batting: LHB Pete Baker 0-0: Called Strike
0-1: Foul Ball, location: 2F
0-2: Ball
1-2: Ball
2-2: Strikes out looking
Batting: RHB José Gracía 0-0: Called Strike
0-1: Called Strike
0-2: Ball
1-2: Strikes out swinging
Batting: LHB Augusto González 0-0: Ball
1-0: Foul Ball, location: 5FF
1-1: Swinging Strike
1-2: Foul Ball, location: 3F
1-2: Ball
2-2: Ball
3-2: Strikes out swinging
Bottom of the 8th over - 0 runs, 0 hits, 0 errors, 0 left on base; Tulsa 5 - Wichita 3
TOP OF THE 9TH
Tulsa Drillers batting - Pitching for Wichita Wind Surge : LHP Álex Lugo
Batting: RHB Guaspar Joo 0-0: Ball
1-0: Ball
2-0: Foul Ball, location: 23F
2-1: Fly out, F9 (Flyball, 89D, EV 98.1 MPH)
Batting: RHB Mal Williams 0-0: Ground out 6-3 (Groundball, 6, EV 109.4 MPH)
Batting: LHB Orlando Aponte SINGLE, but batter called out on appeal for missing first base!
Top of the 9th over - 0 runs, 0 hits, 0 errors, 0 left on base; Tulsa 5 - Wichita 3
BOTTOM OF THE 9TH
Wichita Wind Surge batting - Pitching for Tulsa Drillers : RHP Jimmie Parkinson
Pitching: RHP Bob Richardson
Batting: RHB Héctor Vázquez 0-0: Ball
1-0: Ball
2-0: Called Strike
2-1: Ground out 4-3 (Groundball, 4, EV 91.3 MPH)
Batting: LHB Mario Román 0-0: Ball
1-0: Ground out 1-3 (Groundball, 13S, EV 70.6 MPH)
Pinch Hitting: RHB Héctor Rodríguez 0-0: Called Strike
0-1: Ball
1-1: Swinging Strike
1-2: Fly out, F5 (Popup, 15, EV 76.9 MPH)
Bottom of the 9th over - 0 runs, 0 hits, 0 errors, 0 left on base; Tulsa 5 - Wichita 3
Friday, May 3rd , 2024 - OOTP Baseball 24.10 Build 82